 Dungeon Crawl Stone Soup version 0.25.1-2-g60ff931df9 (webtiles) character file.

Game seed: 8112173932036502987

5576 Exodus22XD the Spear-Bearer (level 10, -4/74 HPs)
             Began as a Demonspawn Gladiator on Oct 31, 2020.
             Was a Follower of Uskayaw.
             Killed from afar by an electric eel (6 damage)
             ... with a bolt of electricity
             ... on level 9 of the Dungeon.
             The game lasted 00:13:25 (8058 turns).

Exodus22XD the Spear-Bearer (Demonspawn Gladiator)  Turns: 8058, Time: 00:13:26

Health: -4/74      AC: 14    Str: 21 (24) XL:     10   Next: 44%
Magic:  13/13      EV: 12    Int: 14 (17) God:    Uskayaw [*.....]
Gold:   517        SH: 10    Dex: 11 (14) Spells: 9/9 levels left

rFire    + . .     SeeInvis .   a - +0 trident
rCold    . . .     Gourm    .   A - +0 buckler
rNeg     . . .     Faith    .   O - +6 scale mail of Gozag's Brutal Revenge {+Inv rF+ Int+7}
rPois    +         Spirit   .   c - +0 helmet
rElec    .         Reflect  +   v - scarf {harm}
rCorr    .         Harm     +   (no gloves)
MR       .....                  (no boots)
Stlth    +.........             p - amulet of reflection
HPRegen  0.22/turn              k - +6 ring of strength
MPRegen  0.13/turn              M - ring of poison resistance

@: no status effects
A: claws 2, demonic guardian 2, spiny 1
a: Stomp, Renounce Religion, Evoke Invisibility


You were on level 9 of the Dungeon.
You worshipped Uskayaw.
Uskayaw was noncommittal.
You were not hungry.

You visited 2 branches of the dungeon, and saw 10 of its levels.

You collected 517 gold pieces.

Inventory:

Hand Weapons
 a - a +0 trident (weapon)
Missiles
 d - 3 throwing nets (quivered)
Armour
 c - a +0 helmet (worn)
 j - a +0 cloak
 v - a scarf of harm (worn)
 A - a +0 buckler (worn)
 O - the +6 scale mail of Gozag's Brutal Revenge (worn) {+Inv rF+ Int+7}
   (You found it on level 8 of the Dungeon)

   It affects your intelligence (+7).
   It protects you from fire.
   It lets you turn invisible.
Jewellery
 k - a +6 ring of strength (left claw)
 p - an amulet of reflection (around neck)
 F - an uncursed ring of fire
 K - an uncursed ring of flight
 L - an uncursed ring of protection from cold
 M - a ring of poison resistance (right claw)
Wands
 b - a wand of disintegration (26)
 B - a wand of polymorph (18)
 C - a wand of iceblast (11)
 E - a wand of enslavement (12)
 G - a wand of flame (24)
Scrolls
 e - 2 scrolls of remove curse {unknown}
 h - 2 scrolls of magic mapping {unknown}
 l - a scroll of fear {unknown}
 r - 2 scrolls of noise {unknown}
 s - 4 scrolls of identify {unknown}
 u - a scroll of amnesia {unknown}
 w - 2 scrolls of blinking {unknown}
 x - 2 scrolls of teleportation {unknown}
 y - 3 scrolls of immolation {unknown}
 I - 2 scrolls of enchant armour {unknown}
 J - a scroll of enchant weapon {unknown}
Potions
 g - 2 potions of degeneration
 i - 2 potions of ambrosia {unknown}
 m - a potion of cancellation {unknown}
 n - 5 potions of flight
 o - 5 potions of curing
 q - 2 potions of mutation {unknown}
 t - 2 potions of heal wounds {unknown}
 z - a potion of invisibility {unknown}
 H - a potion of berserk rage {unknown}
Comestibles
 f - 15 rations
 D - 7 chunks of flesh


   Skills:
 + Level 5.1 Fighting
 + Level 8.9 Polearms
 - Level 1.7 Throwing
 + Level 5.0 Armour
 - Level 5.1 Dodging
 + Level 3.7 Stealth
 + Level 6.3 Shields
 * Level 4.9 Invocations
 * Level 1.1 Evocations


You had 9 spell levels left.
You didn't know any spells.
Your spell library contained the following spells:

 Spells                   Type           Power        Failure   Level  Hunger
 Freeze                   Ice            #...         58%         1    ##.....
 Frozen Ramparts          Ice            #.....       92%         3    ####...
 Ozocubu's Armour         Chrm/Ice       #.......     92%         3    ####...
 Hailstorm                Conj/Ice       #.......     100%        4    #####..
 Summon Ice Beast         Ice/Summ       #.......     100%        4    #####..
 Bolt of Magma            Conj/Fire/Erth #.........   100%        5    ######.
 Iskenderun's Battlesphe  Conj/Chrm      #.......     100%        5    ######.
 Iron Shot                Conj/Erth      #.........   100%        6    #######
 Orb of Destruction       Conj           #.........   100%        7    #######
 Spellforged Servitor     Conj/Summ      #.........   100%        7    #######


Dungeon Overview and Level Annotations

Branches:
Dungeon (9/15)             Temple (1/1) D:7            Lair (0/6) D:8
    Orc: D:9-12

Altars:
Ashenzari
Cheibriados
Dithmenos
Elyvilon
Fedhas
Gozag
Hepliaklqana
Kikubaaqudgha
Makhleb
Nemelex Xobeh
Okawaru
Qazlal
Ru
Sif Muna
Trog
Uskayaw
Vehumet
Wu Jian
Xom
Zin
The Shining One

Annotations:
D:3 1 runed translucent door


Innate Abilities, Weirdness & Mutations

You have very sharp fingernails.
A demonic guardian rushes to your aid.
You are partially covered in sharp spines.


Message History

You barely miss the electric eel.
The electric eel is heavily wounded.
Okay, then.
You hit the electric eel but do no damage.
The electric eel is heavily wounded.
The electric eel shoots out a bolt of lightning at you!
The bolt of electricity hits you!
* * * LOW HITPOINT WARNING * * *
You feel better.
The electric eel shoots out a bolt of lightning at you!
The bolt of electricity hits you!
* * * LOW HITPOINT WARNING * * *
Okay, then.
Okay, then.
It was a potion of degeneration.
There was something very wrong with that liquid.
You feel weakened.
You feel dopey.
You feel clumsy.
The electric eel shoots out a bolt of lightning at you!
The bolt of electricity hits you.
You die...

≈≈.. ≈≈.# ≈≈.###.
≈≈.....
########≈≈.....
≈≈≈≈≈≈≈≈≈≈.....
≈≈≈≈≈≈≈;≈≈.####
.......@.......
...............
..............:
#######.####### .
#.########..
#####...........
.................
.................
#######..########


You could see an electric eel.

Vanquished Creatures
  A two-headed ogre (D:8)
  A troll (D:9)
  A hippogriff (D:8)
  A hungry ghost (D:7)
  4 yaks (D:8)
  A water moccasin (D:8)
  The ghost of admiralandromeda the Destroyer, an amateur TeCj (D:4)
  3 porcupines (D:8)
  3 sky beasts
  An ice beast (D:8)
  4 ogres
  A phantom (D:8)
  3 centaurs
  2 crocodiles (D:8)
  A big kobold (D:4)
  A bullfrog (D:5)
  2 wyvern skeletons (D:6)
  2 scorpions
  A killer bee (D:7)
  A howler monkey (D:4)
  3 orc priests
  4 hounds
  2 jellies
  2 bullfrog skeletons
  A centaur skeleton (D:4)
  5 iguanas
  5 orc wizards
  5 worker ants
  A howler monkey skeleton (D:4)
  11 adders
  A shadow imp (D:7)
  An ooze (D:2)
  4 worms
  A dart slug (D:1)
  6 leopard geckos
  7 orcs
  15 bats
  5 giant cockroaches
  15 goblins
  8 hobgoblins
  8 jackals
  14 kobolds
  3 quokkas
  6 frilled lizards
  A goblin zombie (D:4)
  A kobold zombie (D:4)
  A leopard gecko zombie (D:8)
  A quokka skeleton (D:2)
  6 rats
178 creatures vanquished.

Vanquished Creatures (collateral kills)
  Grinder (D:4)
  A wyvern (D:9)
  A yak (D:8)
  Edmund (D:4)
  A porcupine (D:8)
  2 phantoms
  A sky beast (D:5)
  2 ogres (D:7)
  2 crocodiles (D:8)
  A big kobold (D:4)
  A bullfrog (D:6)
  A wyvern skeleton (D:6)
  3 killer bees (D:7)
  A crimson imp (D:4)
  A jelly (D:8)
  3 orc wizards
  A quasit (D:8)
  A hound (D:7)
  3 orcs
  A bat (D:2)
  5 kobolds (D:4)
34 creatures vanquished.

Vanquished Creatures (others)
  A bush (D:8)
  2 fungi (D:8)
  12 plants (D:8)
15 creatures vanquished.

Grand Total: 227 creatures vanquished

Notes
Turn   | Place    | Note
-------+----------+-------------------------------------------
     0 | D:1      | Exodus22XD the Demonspawn Gladiator began the quest for the
                  | Orb.
     0 | D:1      | Reached XP level 1. HP: 16/16 MP: 1/1
    61 | D:1      | Gained mutation: You have sharp fingernails. [demonic
                  | ancestry]
    61 | D:1      | Reached XP level 2. HP: 22/22 MP: 2/2
    77 | D:1      | Reached skill level 3 in Polearms
   657 | D:1      | Gained mutation: A weak demonic guardian rushes to your
                  | aid. [demonic ancestry]
   657 | D:1      | Reached XP level 3. HP: 27/27 MP: 3/3
   736 | D:2      | Found a hazy altar of Hepliaklqana.
   883 | D:2      | Gained mutation: A demonic guardian rushes to your aid.
                  | [demonic ancestry]
   883 | D:2      | Reached XP level 4. HP: 34/34 MP: 4/4
  1879 | D:3      | Found a runed translucent door.
  1880 | D:3      | Found a white marble altar of Elyvilon.
  1880 | D:3      | Noticed an angel
  1921 | D:3      | Reached skill level 1 in Armour
  1921 | D:3      | Gained mutation: You are partially covered in sharp spines.
                  | [demonic ancestry]
  1921 | D:3      | Reached XP level 5. HP: 39/39 MP: 5/5
  1962 | D:3      | Reached skill level 4 in Polearms
  2464 | D:4      | Noticed Edmund
  2475 | D:4      | Killed Edmund
  2475 | D:4      | Reached skill level 1 in Shields
  2475 | D:4      | Reached XP level 6. HP: 32/46 MP: 6/6
  2481 | D:4      | Noticed Grinder
  2486 | D:4      | Killed Grinder
  2486 | D:4      | Reached skill level 1 in Stealth
  2643 | D:4      | Reached skill level 5 in Polearms
  2643 | D:4      | Reached XP level 7. HP: 50/52 MP: 7/7
  3148 | D:4      | Found a sparkling altar of Nemelex Xobeh.
  3149 | D:4      | Found a shadowy altar of Dithmenos.
  3194 | D:4      | Found an ornate altar of the Wu Jian Council.
  3309 | D:4      | Found a runed translucent gate.
  3309 | D:4      | Found a runed translucent gate.
  3310 | D:4      | Found a runed translucent gate.
  3310 | D:4      | Noticed admiralandromeda's ghost (amateur TeCj)
  3346 | D:4      | Killed admiralandromeda's ghost
  3767 | D:5      | Entered Level 5 of the Dungeon
  3774 | D:5      | Reached skill level 6 in Polearms
  3955 | D:5      | Reached XP level 8. HP: 30/59 MP: 8/8
  5326 | D:6      | Found a snail-covered altar of Cheibriados.
  5450 | D:6      | Reached skill level 7 in Polearms
  6107 | D:7      | Gained mutation: You have very sharp fingernails. [demonic
                  | ancestry]
  6107 | D:7      | Reached XP level 9. HP: 44/66 MP: 9/9
  6520 | D:7      | Found a staircase to the Ecumenical Temple.
  6567 | Temple   | Entered the Ecumenical Temple
  6601 | Temple   | Became a worshipper of Uskayaw the Reveler
  6839 | D:7      | Reached * piety under Uskayaw
  6895 | D:7      | Reached skill level 5 in Shields
  6978 | D:7      | Reached ** piety under Uskayaw
  7304 | D:8      | Reached skill level 1 in Invocations
  7360 | D:8      | Noticed a two-headed ogre
  7370 | D:8      | Reached skill level 8 in Polearms
  7378 | D:8      | Killed a two-headed ogre
  7382 | D:8      | Reached *** piety under Uskayaw
  7384 | D:8      | Reached **** piety under Uskayaw
  7537 | D:8      | Reached XP level 10. HP: 73/73 MP: 12/12
  7553 | D:8      | Reached skill level 5 in Dodging
  7555 | D:8      | Reached ***** piety under Uskayaw
  7632 | D:8      | Found a staircase to the Lair.
  7677 | D:8      | Reached skill level 5 in Fighting
  7704 | D:8      | Got a warped scale mail
  7715 | D:8      | Identified the +6 scale mail of Gozag's Brutal Revenge
                  | {+Inv rF+ Int+7} (You found it on level 8 of the Dungeon)
  7748 | D:8      | Reached skill level 5 in Armour
  8004 | D:9      | Reached skill level 1 in Evocations
  8057 | D:9      | HP: 2/74 [electric eel/bolt of electricity (14)]
  8058 | D:9      | Killed from afar by an electric eel

Illustrated notes

Levels and vault maps discovered:
D:1:      minmay_arrival_checkered_box, layout_basic, serial_curves,
          eino_curves_02, eino_curves_02, minmay_misc_feat_five
D:2:      layout_rooms, overflow_temple_1_default, minmay_pentomino_p4
D:3:      layout_basic, first_ration, st_stairs_7, lemuel_angel_altar
D:4:      layout_loops_corners, gammafunk_temple_overflow_statue,
          kennysheep_mini_moat, gammafunk_ghost_nasty_kobolds, enter_ossuary_3,
          minmay_starry_boxes, uniq_grinder, uniq_edmund
D:5:      layout_loops_ring, roderic_st_hans_cross
D:6:      layout_basic, cheibriados_altar_1
D:7:      layout_rooms, minmay_temple_entry_poolview
D:8:      layout_rooms, minmay_lair_entry_grove
D:9:      layout_long_grid, lemuel_mausoleum_altar_yredelemnul, erik_orc_2,
          grunt_ministairs_8
Temple:   regret_index_temple_sphere_string

Skill      XL: |  1  2  3  4  5  6  7  8  9 10 |
---------------+-------------------------------+-----
Polearms       | 3 4 5 6 7 8 |  8.9
Dodging        | 3 4 5 |  5.1
Armour         | 1 2 3 4 5 |  5.0
Shields        | 1 2 4 5 6 |  6.3
Fighting       | 3 4 5 |  5.1
Stealth        | 1 2 3 |  3.7
Invocations    | 3 4 |  4.9
Evocations     | 1 |  1.1
Throwing       | |  1.7

Action                   |  1- 3 |  4- 6 |  7- 9 | 10-12 || total
-------------------------+-------+-------+-------+-------++-------
Melee: Trident           |   108 |   185 |   295 |    78 ||   666
Invok: Stomp             |       |       |       |     2 ||     2
  Use: Potion            |       |       |     1 |     4 ||     5
 Stab: Sleeping          |     1 |     1 |     4 |       ||     6
       Distracted        |       |       |     3 |       ||     3
       Paralysed         |       |       |     3 |     7 ||    10
  Eat: Chunk             |       |     6 |    13 |     2 ||    21
       Ration            |       |       |     1 |       ||     1
Armor: Leather armour    |    33 |    33 |     3 |       ||    69
       Ring mail         |       |       |    25 |     9 ||    34
       Scale mail        |       |       |       |     9 ||     9
Dodge: Dodged            |    83 |   125 |    70 |    36 ||   314
Block: Other             |       |    27 |       |       ||    27
       Reflection        |       |     2 |     8 |       ||    10
       Buckler           |       |     8 |    92 |    31 ||   131
